 Dungeon Sprint DCSS version 0.22-a0-409-gb855193 (webtiles) character file.

1674 packetloss the Severer (level 8, 61/82 HPs)
             Began as a Minotaur Berserker on May 10, 2018.
             Was a High Priest of Trog.
             Starved to death
             ... while paralysed
             ... in the Dungeon (Sprint IV: "Fedhas' Mad Dash").
             The game lasted 00:09:14 (2280 turns).

packetloss the Severer (Minotaur Berserker)         Turns: 2280, Time: 00:09:15

Health: 61/82      AC:  3    Str: 23    XL:     8   Next: 70%
Magic:  12/12      EV:  2    Int:  4    God:    Trog [*****.]
Gold:   165        SH:  0    Dex: 11    Spells: 7/7 levels left

rFire    . . .     SeeInvis .   a - +0 hand axe
rCold    . . .     Gourm    .   (no shield)
rNeg     . . .     Faith    .   b - +0 animal skin
rPois    .         Spirit   .   (helmet restricted)
rElec    .         Reflect  .   (no cloak)
rCorr    .         Harm     .   j - +0 pair of gloves
MR       .....     NoTele   +   (no boots)
Stlth    +.........             l - amulet of invisibility {+Inv}
HPRegen  0.23/turn              (no ring)
MPRegen  0.13/turn              (no ring)

@: paralysed, fainting
A: retaliatory headbutt, horns 2
a: Berserk, Trog's Hand, Brothers in Arms, Renounce Religion, Evoke Invisibility


You were in the Dungeon.
You worshipped Trog.
Trog was extremely pleased with you.
You were fainting.

You visited 1 branch You collected 165 gold pieces.

Inventory:

Hand Weapons
 a - a +0 hand axe (weapon)
 m - a cursed -2 mace
   (You found it in the Dungeon)
Missiles
 c - 7 needles of confusion
 k - 4 tomahawks (quivered)
 n - 5 poisoned tomahawks
Armour
 b - a +0 animal skin (worn)
 j - a +0 pair of gloves (worn)
   (You found it in the Dungeon)
Jewellery
 l - the amulet of invisibility (around neck) {+Inv}
   (You found it in the Dungeon)

   [amulet of nothing]

   It lets you turn invisible.
Wands
 o - a wand of random effects (10)
   (You found it in the Dungeon)
Scrolls
 i - a scroll of blinking {!r}
Potions
 d - a potion of curing
 e - a potion of heal wounds
 f - a potion of haste
 g - 2 potions of magic
 h - a potion of berserk rage {!q}
 p - a potion of might {unknown}


   Skills:
 + Level 11.5 Fighting
 * Level 15.3 Axes
 + Level 6.6 Armour
 + Level 5.9 Dodging
 + Level 7.6 Evocations


You had 7 spell levels left.
You didn't know any spells.

Dungeon Overview and Level Annotations

Branches:
Dungeon (1/1)

Altars:
Cheibriados
Dithmenos
Elyvilon
Gozag
Hepliaklqana
Kikubaaqudgha
Makhleb
Nemelex Xobeh
Okawaru
Qazlal
Ru
Sif Muna
Trog
Uskayaw
Vehumet
Wu Jian
Xom
Yredelemnul
Zin
The Shining One
Beogh
Jiyva
Lugonu

Shops:
D *!

Annotations:
D exclusions: oklob plant and oklob sapling


Innate Abilities, Weirdness & Mutations

You reflexively headbutt those who attack you in melee.
You have a pair of horns on your head.


Message History

Unknown command.
Unknown command.
You open the door.
An oklob sapling, an oklob plant and a burning bush come into view.
Your skin stops crawling.
You feel less resistant to hostile enchantments.
Warning x2: The oklob plant can corrode equipment at range!
The oklob sapling (dormant) can corrode equipment at range!
Unknown command.
Warning x2: The oklob plant can corrode equipment at range!
The oklob sapling (dormant) can corrode equipment at range!
Unknown command.
Warning x2: The oklob plant can corrode equipment at range!
The oklob sapling (dormant) can corrode equipment at range!
Which direction?
As you close the door, it creaks loudly!
You lose consciousness!
You feel yourself speed up.
You can move again.
Health restored: 82
There is an open door here.
There is an open door here.
There is an open door here.
You recover from your berserk rage.
There is an open door here.
There is a hazy altar of Hepliaklqana here.
There is a viscous altar of Jiyva here.
There is an ancient bone altar of Kikubaaqudgha here.
There is a corrupted altar of Lugonu here.
There is an open door, spattered with blood here.
Things that are here:
a rapier; a robe
There is an open door here.
You open the door.
There is an open door, spattered with blood here.
There is an open door here.
There is an open door, spattered with blood here.
You aren't carrying any food.
Unknown command.
Search for what [Enter for "food", or ? for help]? food Can't find anything matching that.
There is an open door, spattered with blood here.
There is an entrance to Kaodd's Distillery here.
There is an open door, spattered with blood here.
There is an open door, spattered with blood here.
The wandering mushroom releases spores at you.
You are engulfed in a cloud of spores!
You take 2 damage, and have 80/82 hp.
You hit the wandering mushroom but do no damage.
You headbutt the wandering mushroom! The wandering mushroom misses you.
You furiously retaliate!
You headbutt the wandering mushroom.
Unknown command.
You slash the wandering mushroom! You hit the wandering mushroom.
The wandering mushroom releases spores at you.
You are engulfed in a cloud of spores!
You take 3 damage, and have 78/82 hp.
You hit the wandering mushroom. You hit the wandering mushroom.
The wandering mushroom barely misses you.
You slash the wandering mushroom!
The wandering mushroom releases spores at you!
You are engulfed in a cloud of spores!
You take 12 damage, and have 66/82 hp.
You hit the wandering mushroom but do no damage.
You hit the wandering mushroom.
You headbutt the wandering mushroom, but do no damage.
The wandering mushroom closely misses you.
You slash the wandering mushroom!
You destroy the wandering mushroom!
Trog accepts your kill.
Your Axes skill increases to level 15!
Your Armour skill increases to level 6!
There is an open door, spattered with blood here.
You're too hungry to rest.
You're too hungry.
Okay, then.
Unknown command.
There is an open door, spattered with blood here.
There is an entrance to Kaodd's Distillery here.
Aim: a burning bush The burning bush resists with significant effort.
Aim: a burning bush The mass of ice explodes!
The iceblast engulfs the burning bush.
Aim: a burning bush (heavily damaged)
The bolt of poison hits the burning bush.
Aim: a burning bush (severely damaged)
The fireball explodes!
The fireball engulfs the burning bush.
The burning bush resists.
The burning bush throws fire at you. The puff of flame hits you!
You take 12 damage, and have 60/82 hp.
Aim: a burning bush (almost destroyed) Nothing appears to happen.
Aim: a burning bush (almost destroyed)
The burning bush resists with significant effort.
Aim: a burning bush (almost destroyed)
The mass of ice explodes!
The iceblast engulfs the burning bush.
You destroy the burning bush!
Trog accepts your kill.
You lose consciousness!
You have starved to death.
You die...

################
.⌠.#).'...#....#
_..').#...#....+
...#..###'##.((#
_..#..##∩@.'...#
.⌠.#############
####


There were no monsters in sight!

Vanquished Creatures
  An oklob plant (D)
  2 burning bushes (D)
  A queen bee (D)
  2 scorpions (D)
  4 killer bees (D)
  4 oklob saplings (D)
  A worker ant (D)
  2 spriggans (D)
  2 wandering mushrooms (D)
  A river rat (D)
  A rat (D)
21 creatures vanquished.

Notes
Turn   | Place    | Note
-------+----------+-------------------------------------------
     0 | D        | packetloss the Minotaur Berserker began the quest for the Orb.
     0 | D        | Reached XP level 1. HP: 19/19 MP: 0/0
    11 | D        | Reached skill level 4 in Axes
    14 | D        | Reached skill level 4 in Fighting
    14 | D        | Reached skill level 5 in Axes
    14 | D        | Reached XP level 2. HP: 16/28 MP: 1/1
   193 | D        | Noticed an oklob sapling
   370 | D        | Killed an oklob sapling
   370 | D        | Reached ** piety under Trog
   370 | D        | Reached skill level 5 in Fighting
   370 | D        | Reached skill level 7 in Axes
   370 | D        | Reached XP level 3. HP: 37/37 MP: 2/2
   406 | D        | Found the amulet of invisibility {+Inv}
   410 | D        | Reached skill level 6 in Fighting
   410 | D        | Reached skill level 8 in Axes
   431 | D        | Noticed an oklob sapling
   438 | D        | Killed an oklob sapling
   438 | D        | Reached skill level 1 in Evocations
   438 | D        | Reached XP level 4. HP: 45/45 MP: 0/4
   514 | D        | Found an opulent altar of Gozag.
   514 | D        | Found a hazy altar of Hepliaklqana.
   514 | D        | Found a roughly hewn altar of Beogh.
   514 | D        | Found a snail-covered altar of Cheibriados.
   515 | D        | Found a viscous altar of Jiyva.
   515 | D        | Found a burning altar of Makhleb.
   515 | D        | Found a sparkling altar of Nemelex Xobeh.
   515 | D        | Found a sacrificial altar of Ru.
   515 | D        | Found a deep blue altar of Sif Muna.
   515 | D        | Found a bloodstained altar of Trog.
   515 | D        | Found an ornate altar of the Wu Jian Council.
   515 | D        | Found a shimmering altar of Xom.
   515 | D        | Found a basalt altar of Yredelemnul.
   516 | D        | Found an iron altar of Okawaru.
   516 | D        | Found a glowing silver altar of Zin.
   516 | D        | Found a shadowy altar of Dithmenos.
   517 | D        | Found a hide-covered altar of Uskayaw.
   517 | D        | Found an ancient bone altar of Kikubaaqudgha.
   518 | D        | Found a glowing golden altar of the Shining One.
   518 | D        | Found a stormy altar of Qazlal.
   518 | D        | Found a white marble altar of Elyvilon.
   519 | D        | Found a radiant altar of Vehumet.
   519 | D        | Found a corrupted altar of Lugonu.
   529 | D        | Reached skill level 7 in Fighting
   529 | D        | Reached skill level 9 in Axes
   529 | D        | Reached skill level 2 in Evocations
   529 | D        | Reached XP level 5. HP: 52/52 MP: 3/6
   581 | D        | Noticed a queen bee
   594 | D        | Reached *** piety under Trog
   594 | D        | Reached skill level 8 in Fighting
   594 | D        | Reached skill level 10 in Axes
   594 | D        | Reached skill level 3 in Evocations
   840 | D        | Received a gift from Trog
   840 | D        | Reached skill level 11 in Axes
   850 | D        | Killed a queen bee
   850 | D        | Reached skill level 9 in Fighting
   850 | D        | Reached skill level 12 in Axes
   850 | D        | Reached skill level 5 in Evocations
   850 | D        | Reached XP level 6. HP: 32/66 MP: 6/9
  1105 | D        | Reached skill level 13 in Axes
  1110 | D        | Reached skill level 10 in Fighting
  1110 | D        | Reached XP level 7. HP: 65/72 MP: 10/10
  1174 | D        | Reached **** piety under Trog
  1359 | D        | Reached skill level 6 in Evocations
  1360 | D        | Reached skill level 3 in Armour
  1365 | D        | Reached skill level 3 in Dodging
  1451 | D        | Found Kaodd's Distillery.
  1452 | D        | Found Esairu's General Store.
  1459 | D        | Noticed a burning bush
  1459 | D        | Noticed a wandering mushroom
  1645 | D        | Reached ***** piety under Trog
  1738 | D        | Noticed a wandering mushroom
  1792 | D        | Noticed an oklob plant
  1801 | D        | HP: 15/73 [oklob plant/splash of acid (20)]
  1801 | D        | HP: 2/73 [acid (13)]
  2023 | D        | Killed an oklob plant
  2023 | D        | Received a gift from Trog
  2023 | D        | Reached skill level 11 in Fighting
  2023 | D        | Reached skill level 14 in Axes
  2023 | D        | Reached skill level 5 in Armour
  2023 | D        | Reached skill level 4 in Dodging
  2023 | D        | Reached skill level 7 in Evocations
  2023 | D        | Reached XP level 8. HP: 64/82 MP: 9/12
  2158 | D        | Noticed a burning bush
  2174 | D        | Killed a burning bush
  2174 | D        | Reached skill level 5 in Dodging
  2184 | D        | Noticed a burning bush
  2184 | D        | Noticed an oklob plant
  2185 | D        | Paralysed by fainting for 6 turns
  2252 | D        | Reached skill level 15 in Axes
  2252 | D        | Reached skill level 6 in Armour
  2277 | D        | Killed a burning bush
  2277 | D        | Paralysed by fainting for 11 turns
  2280 | D        | Starved to death

Vault maps used:
D:        dungeon_sprint_fedhas

Skill      XL: |  1  2  3  4  5  6  7  8 |
---------------+-------------------------+-----
Axes           | 5 7 8 9 12 13 14 15 | 15.3
Fighting       | 4 5 6 7 9 10 11 | 11.5
Evocations     | 1 2 5 7 |  7.6
Armour         | 5 6 |  6.6
Dodging        | 4 5 |  5.9

Action                   |  1- 3 |  4- 6 |  7- 9 || total
-------------------------+-------+-------+-------++-------
Melee: Hand axe          |    14 |    34 |    71 ||   119
       Headbutt          |     3 |     9 |    22 ||    34
Throw: Tomahawk          |       |     1 |       ||     1
Invok: Berserk           |     2 |     1 |     3 ||     6
       Trog's Hand       |       |     1 |     3 ||     4
 Abil: Evoke Invisibilit |     1 |     1 |     3 ||     5
Evoke: Wand              |       |       |     7 ||     7
  Use: Scroll            |       |       |     1 ||     1
 Stab: Invisible         |       |     3 |     4 ||     7
       Distracted        |       |       |     1 ||     1
  Eat: Chunk             |       |     2 |     1 ||     3
       Ration            |       |     1 |     1 ||     2
Armor: Animal skin       |     2 |     1 |     3 ||     6
Dodge: Dodged            |     4 |    19 |    17 ||    40

Table legend:
 A = Spawn XP
 B = Non-spawn XP
 C = Spawn XP percentage of total XP
 D = Spawn monster count
 E = Non-spawn monster count
 F = Spawn count percentage of total count
 G = Total turns spent on level
                    A         B        C        D         E        F      G
               +---------+---------+-------+---------+---------+-------+---------
         Total |       0 |    2392 |   0.0 |       0 |      21 |   0.0 |  2280
               +---------+---------+-------+---------+---------+-------+---------
             D |       0 |    2392 |   0.0 |       0 |      21 |   0.0 |  2280
               +---------+---------+-------+---------+---------+-------+---------

Vault maps used:
D:        dungeon_sprint_fedhas

Table legend:
 A = Turns spent in this place as a percentage of turns spent in the entire game.
 B = Non-inter-level travel turns spent in this place as a percentage of non-inter-level travel turns spent in the entire game.
 C = Inter-level travel turns spent in this place as a percentage of turns spent in this place.
 D = Turns resting spent in this place as a percentage of non-inter-level travel turns spent in this place.
 E = Turns spent auto-exploring this place as a percentage of non-inter-level travel turns spent in this place.
 F = Non-inter-level travel turns spent in this place divided by the number of levels of this place that you've seen.
                   A       B       C       D       E      F
               +-------+-------+-------+-------+-------+----------------------
         Total | 100.0 | 100.0 |   0.0 |  72.9 |   0.0 | 2280.0
       Dungeon | 100.0 | 100.0 |   0.0 |  72.9 |   0.0 | 2280.0
               +-------+-------+-------+-------+-------+----------------------

Table legend:
 A = Kills in this place as a percentage of kills in entire the game.
 B = Kills by you in this place as a percentage of kills by you in the entire game.
 C = Kills by friends in this place as a percentage of kills by friends in the entire game.
 D = Other kills in this place as a percentage of other kills in the entire game.
 E = Experience gained in this place as a percentage of experience gained in the entire game.
 F = Experience gained in this place divided by the number of levels of this place that you have seen.
                   A       B       C       D       E      F
               +-------+-------+-------+-------+-------+----------------------
         Total | 100.0 | 100.0 |   N/A |   N/A | 100.0 | 2392.0
       Dungeon | 100.0 | 100.0 |   N/A |   N/A | 100.0 | 2392.0
               +-------+-------+-------+-------+-------+----------------------
